 Dungeon Crawl Stone Soup version 0.16.0-17-g811c1d7 (webtiles) character file.

223 wojtek the Slicer (level 6, -4/35 HPs)
             Began as a Kobold Assassin on Mar 21, 2015.
             Slain by Grinder (11 damage)
             ... on level 3 of the Dungeon.
             The game lasted 00:03:59 (2602 turns).

wojtek the Slicer (Kobold Assassin)                 Turns: 2602, Time: 00:03:59

Health: -4/35      AC:  3    Str: 10    XL:     6   Next: 20%
Magic:  6/6        EV: 14    Int: 11    God:
Gold:   88         SH:  0    Dex: 17    Spells: 0 memorised, 5 levels left

rFire  . . .     SeeInvis .     a - +2 dagger
rCold  . . .     Clarity  .     c - +0 robe
rNeg   . . .     SustAb   .     (no shield)
rPois  .         Gourm    .     (no helmet)
rElec  .         Spirit   .     d - +0 cloak
rCorr  .         Warding  .     (no gloves)
rMut   .         Stasis   .     (no boots)
MR     .....                    (no amulet)
Stlth  +++.......               (no ring)
                                (no ring)

@: slowed, very slow, not resistant to hostile enchantments, fairly stealthy
A: carnivore 3
a: no special abilities


You were on level 3 of the Dungeon.
You were very full.

You visited 1 branch of the dungeon, and saw 3 of its levels.

You collected 88 gold pieces.

Inventory:

Hand weapons
 a - a +2 dagger (weapon)
 b - a +0 blowgun
 u - a +3 whip of draining
Missiles
 e - 20 poisoned needles
 f - 2 curare-tipped needles
Armour
 c - a +0 robe (worn)
 d - a +0 cloak (worn)
Magical devices
 o - a wand of random effects (10)
Scrolls
 k - 4 scrolls of remove curse {unknown}
 n - a scroll of random uselessness {unknown}
 q - a scroll of identify {unknown}
 r - a scroll of immolation {unknown}
 s - a scroll of amnesia {unknown}
Potions
 h - 4 potions of curing {unknown}
 i - 2 potions of brilliance {unknown}
 j - 2 potions of heal wounds {unknown}
 m - 2 potions of resistance {unknown}
 t - a potion of cancellation {unknown}
Comestibles
 g - 2 meat rations
 l - 2 beef jerkies
 p - 11 chunks of flesh


   Skills:
 - Level 2.1 Fighting
 + Level 8.0 Short Blades
 - Level 2.6 Throwing
 - Level 1.2 Dodging
 - Level 5.3 Stealth


You had 5 spell levels left.
You didn't know any spells.

Dungeon Overview and Level Annotations

Branches:
Dungeon (3/15)

Altars:
Fedhas

Annotations:
D:3 Grinder


Innate Abilities, Weirdness & Mutations

You are small and have problems with some larger weapons.
You are carnivorous and can eat meat at any time.


Message History

Unknown command.
Grinder says, "What is the universe for?"
Grinder zaps a wand.
You feel as though you will be slow longer.
Grinder gestures at you. You resist with significant effort.
Grinder says, "Just stop there for a second..."
Grinder gestures at you.
You suddenly lose the ability to move!
Grinder hits you.
* * * LOW HITPOINT WARNING * * *
You writhe in agony.
* * * LOW HITPOINT WARNING * * *
Grinder zaps a wand.
You resist with some effort.
You can move again.
Unknown command.
Unknown command.
You hit Grinder but do no damage. Grinder closely misses you.
You closely miss Grinder. Grinder hits you!
You die...

#...........#
##########....#
..............#...
..............#....
#...................§
#.....................
#...........##......#
........5.###......#
)........@# #......#
..........###......#
...............#####
......##.......# .....
#.......# .....
#.÷.....# #.......#
#####.......#
#...........#


You could see Grinder.

Vanquished Creatures
  Purgy (D:3)
  Jessica (D:2)
  Terence (D:3)
  3 adders (D:2)
  2 worms (D:2)
  2 giant geckos
  An ooze (D:2)
  6 bats
  5 giant cockroaches
  7 hobgoblins
  8 jackals
  2 kobolds
  A quokka (D:3)
  7 giant newts
  6 goblins
  9 rats
62 creatures vanquished.

Notes
Turn   | Place    | Note
--------------------------------------------------------------
     0 | D:1      | wojtek, the Kobold Assassin, began the quest for the Orb.
     0 | D:1      | Reached XP level 1. HP: 12/12 MP: 1/1
    97 | D:1      | Reached XP level 2. HP: 17/17 MP: 2/2
   532 | D:1      | Reached XP level 3. HP: 17/21 MP: 3/3
   657 | D:2      | Found a blossoming altar of Fedhas.
   709 | D:2      | Reached skill level 5 in Short Blades
   985 | D:2      | Noticed Jessica
   992 | D:2      | Killed Jessica
   992 | D:2      | Reached XP level 4. HP: 26/26 MP: 4/4
  1271 | D:2      | Reached skill level 6 in Short Blades
  1828 | D:2      | Reached XP level 5. HP: 9/30 MP: 5/5
  2302 | D:3      | Noticed Purgy
  2346 | D:3      | Noticed Terence
  2353 | D:3      | Killed Terence
  2435 | D:3      | Killed Purgy
  2435 | D:3      | Reached skill level 7 in Short Blades
  2435 | D:3      | Reached XP level 6. HP: 28/35 MP: 6/6
  2548 | D:3      | Reached skill level 8 in Short Blades
  2569 | D:3      | Noticed Grinder
  2588 | D:3      | Paralysed by Grinder for 7 turns
  2596 | D:3      | Paralysed by Grinder for 5 turns
  2602 | D:3      | Slain by Grinder

Action                   |  1- 3 |  4- 6 || total
-------------------------+-------+-------++-------
Melee: Dagger            |    53 |    87 ||   140
 Fire: Blowgun           |       |    10 ||    10
 Stab: Sleeping          |    13 |     4 ||    17
       Distracted        |       |     2 ||     2
  Eat: Chunk             |     8 |     5 ||    13
